 Dungeon Crawl Stone Soup version 0.31-a0-960-g0fca184906 (webtiles) character file.

Game seed: 13855021405457674620

12252 Flugkiller the Fighter (level 12, -27/100 HPs)
             Began as a Formicid Cinder Acolyte on Oct 23, 2023.
             Was a Believer of Ignis.
             Hit by a large rock thrown by a cyclops (38 damage)
             ... on level 9 of the Dungeon.
             The game lasted 00:11:22 (8838 turns).

Flugkiller the Fighter (Formicid Cinder Acolyte)    Turns: 8838, Time: 00:11:23

Health: -27/100    AC: 28    Str: 34    XL:     12   Next: 17%
Magic:  13/13      EV:  8    Int: 16    God:    Ignis [**....]
Gold:   1110       SH:  0    Dex:  9    Spells: 11/13 levels left

rFire   + . .        w - +1 dire flail (vamp)
rCold   . . .        (no shield)
rNeg    . . .        u - +0 plate armour
rPois   .            (helmet unavailable)
rElec   .            k - +0 cloak
rCorr   .            j - +1 pair of gloves {hurl}
SInv    +            K - +1 pair of boots {Fly}
Will    +....        (no amulet) Stlth
                     y - +6 ring of strength
HPRegen 0.36/turn    a - +6 ring of strength
MPRegen 0.13/turn

%: no passive effects
@: fiery-armoured, flying
A: permanent stasis, dig shafts and tunnels, antennae 3, four strong arms
a: Dig, Shaft Self, Renounce Religion, Fiery Armour, Foxfire Swarm, Rising Flame


You were on level 9 of the Dungeon.
You worshipped Ignis.
Ignis was pleased with you.
You visited 1 branch of the dungeon, and saw 9 of its levels.
You also visited: Bailey.

You collected 1315 gold pieces.
You spent 205 gold pieces at shops.

Inventory:

Hand Weapons
 f - a +0 flail of protection
   (You found it on level 2 of the Dungeon)
 l - a +0 giant spiked club
   (You took it off an ogre on level 4 of the Dungeon)
 w - a +1 vampiric dire flail (weapon)
   (You took it off a wight on level 5 of the Dungeon)
Missiles
 L - 25 boomerangs
 O - a curare-tipped dart
Armour
 j - a +1 pair of gloves of hurling (worn)
   (You bought it in a shop on level 2 of the Dungeon)
 k - a +0 cloak (worn)
   (You found it on level 2 of the Dungeon)
 u - a +0 plate armour (worn)
   (You took it off an orc warrior on level 7 of the Dungeon)
 B - +0 acid dragon scales
   (You took it off Maggie on level 6 of the Dungeon)
 K - a +1 pair of boots of flying (worn)
   (You found it in a bailey)
Jewellery
 a - a +6 ring of strength (right hand)
   (You found it on level 7 of the Dungeon)
 c - an amulet of faith
   (You found it on level 1 of the Dungeon)
 m - a ring of willpower
   (You found it on level 1 of the Dungeon)
 p - a ring of protection from fire
   (You found it on level 4 of the Dungeon)
 y - a +6 ring of strength (left hand)
   (You found it on level 5 of the Dungeon)
Wands
 h - a wand of light (16)
   (You found it on level 2 of the Dungeon)
 D - a wand of mindburst (7)
   (You found it on level 7 of the Dungeon)
 H - a wand of flame (9)
   (You took it off a hobgoblin in a bailey)
 I - a wand of roots (5)
   (You found it in a bailey)
Scrolls
 d - a scroll of torment
 g - 2 scrolls of fear
 i - 4 scrolls of vulnerability
 o - a scroll of poison
 A - a scroll of brand weapon
 J - a scroll of revelation {unknown}
Potions
 b - 2 potions of magic
 n - a potion of resistance
 q - 2 potions of curing
 s - a potion of haste {unknown}
 t - a potion of brilliance {unknown}
 v - 2 potions of attraction
 x - 2 potions of might {unknown}
 z - a potion of cancellation {unknown}
 C - a potion of mutation {unknown}
 E - 6 potions of enlightenment
 G - a potion of heal wounds {unknown}
 M - a potion of berserk rage {unknown}


   Skills:
 - Level 11.6 Fighting
 - Level 3.8(7.9) Axes
 + Level 10.9(11.1) Maces & Flails
 - Level 10.5 Armour
 - Level 1.1 Spellcasting
 - Level 3.0 Fire Magic
 - Level 6.0 Evocations


You had 11 spell levels left.
You knew the following spells:

 Your Spells              Type           Power      Damage    Failure   Level
a - Scorch                Fire           20%        2d5       50%         2

Your spell library contained the following spells:

 Spells                   Type           Power      Damage    Failure   Level
 Freeze                   Ice            0%         1d3       77%         1
 Cigotuvi's Dreadful Rot  Necr/Pois/Air  0%         N/A       88%         2
 Wereblood                Tmut           0%         N/A       88%         2
 Frozen Ramparts          Ice            0%         1d1       98%         3
 Hailstorm                Conj/Ice       0%         3d3       98%         3
 Summon Guardian Golem    Hex/Summ       0%         N/A       98%         3
 Dispel Undead            Necr           0%         3d6       100%        4
 Irradiate                Conj/Tmut      0%         3d11      100%        5
 Death Channel            Necr           0%         N/A       100%        6
 Orb of Destruction       Conj           0%         9d5       100%        7
 Spellforged Servitor     Conj/Summ      0%         N/A       100%        7


Dungeon Overview and Level Annotations

Branches:
Dungeon (9/15) Zot: 25844  Temple (0/1) D:5          Bailey (visited)
   Lair: D:8-11         Orc: D:9-12

Altars:
Ashenzari
Fedhas
Kikubaaqudgha
Makhleb
Okawaru
Qazlal
Trog
Uskayaw
Vehumet
Yredelemnul

Shops:
D:2 *[?[:   D:4 *   D:6 [

Annotations:
D:5 1 runed translucent door, Crazy Yiuf


Innate Abilities, Weirdness & Mutations

You cannot be hasted, slowed, berserked, paralysed or teleported.
You can dig through walls and to a lower floor.
You have a pair of large antennae on your head. (SInv)
Your four strong arms can wield two-handed weapons with a shield.


Message History

+0 acid dragon scales; an acid dragon corpse No target in view!
Things that are here:
a +1 longbow of freezing; a +7 sling; a centaur corpse
Okay, then.
A slime creature and a cyclops come into view.
Found five items.
The slime creature quivers.
The cyclops shouts!
A cyclops comes into view.
The slime creature quivers.
Things that are here:
a +1 longbow of freezing; a +7 sling; a centaur corpse You barely miss the slime creature.
The slime creature hits you.
You bludgeon the slime creature!!
The slime creature is heavily wounded.
You bludgeon the slime creature!!
The slime creature is almost dead.
The slime creature hits you but does no damage.
Two slime creatures merge to form a large slime creature.
You puncture the large slime creature!
The large slime creature is heavily wounded.
You hit the large slime creature but do no damage.
The large slime creature is heavily wounded.
A large slime creature splits.
You hit the slime creature but do no damage.
The slime creature is heavily wounded.
The slime creature barely misses you.
You completely miss the slime creature.
The slime creature is heavily wounded.
The slime creature hits you!
You barely miss the slime creature.
The slime creature is heavily wounded.
The slime creature hits you. The slime creature barely misses you.
You sock the slime creature!
You feel better.
The slime creature is severely wounded.
The slime creature hits you!
The slime creature hits you but does no damage.
You puncture the slime creature!
You feel better.
The slime creature is almost dead.
The slime creature hits you but does no damage.
You bludgeon the slime creature!!
You feel better.
You kill the slime creature!
The slime creature closely misses you.
You hit the slime creature.
You feel better.
The slime creature is severely wounded.
The slime creature hits you but does no damage.
The cyclops throws a large rock.
The large rock hits you!
You puncture the slime creature!
The slime creature is almost dead.
You barely miss the slime creature.
The slime creature is almost dead.
The slime creature hits you but does no damage.
The cyclops throws a large rock.
The large rock hits you!!
You are too injured to fight recklessly!
The slime creature hits you.
You are too injured to fight recklessly!
You are too injured to fight recklessly!
You are too injured to fight recklessly!
You barely miss the cyclops. The slime creature barely misses you.
The cyclops hits you but does no damage.
You hit the cyclops but do no damage. The slime creature hits you!
You are too injured to fight recklessly!
You puncture the cyclops!
You feel better.
The cyclops is lightly wounded.
The cyclops hits you but does no damage.
You hit the cyclops but do no damage.
The cyclops is lightly wounded.
A deep elf pyromancer comes into view.
It is wielding a +1 flail of protection.
The slime creature closely misses you.
You puncture the cyclops!
You feel better.
The cyclops is moderately wounded.
The deep elf pyromancer mumbles some strange words.
The deep elf pyromancer blinks!
The cyclops barely misses you. The slime creature closely misses you.
You completely miss the cyclops.
The cyclops is moderately wounded.
The slime creature hits you! The cyclops hits you!!
* * * LOW HITPOINT WARNING * * *
You impale the slime creature!!
You kill the slime creature!
The deep elf pyromancer gestures wildly while chanting.
A protective cloak of flame settles atop you.
The cyclops hits you!!
* * * LOW HITPOINT WARNING * * *
The cyclops is burned by your cloak of flames.
The cyclops is heavily wounded.
You sock the cyclops!
You feel better.
The cyclops is severely wounded.
You feel better. The cyclops hits you!
* * * LOW HITPOINT WARNING * * *
The cyclops is burned by your cloak of flames.
The cyclops is severely wounded.
You feel better.
The deep elf pyromancer gestures wildly while chanting.
The deep elf pyromancer blinks!
The cyclops barely misses you.
You bludgeon the cyclops!!
You kill the cyclops!
The cyclops throws a large rock.
The large rock hits you!!!
You die...

#..####) ## ##.###.#.#.#.
##.##..: .# {#.#.##..#..#
#..#.|##.# #.#.##..#..#
#..##...# #.#..##.#.##
#...#.ยง.# # #.#.###.#.##
#.).##E##.#.#.#)#.##.##.
##...#C##.........##)##.
##...#(#########.##.##.#
########.<..##@.#...#..##.##...
..........#..#[).#.#...##.##.##
#########.##.##.#...#.##)..###.
#.##..#..#)#..##...##[.
#.....###...###.....##.
#####..#.#.#.##..#..##.
#..##...##...##..##
#...##.###..##...##
#####...##.##.........#


You could see a cyclops and a fire elemental (summoned).

Vanquished Creatures
  Erica (D:9)
  A centaur warrior (D:9)
  3 two-headed ogres (D:9)
  An orc knight (Bailey)
  A deep elf pyromancer (D:9)
  A cyclops (D:9)
  2 manticores (D:9)
  Joseph (D:8)
  A gargoyle (D:9)
  Maggie (D:6)
  2 slime creatures (D:9)
  11 yaks (D:9)
  2 acid dragons (D:9)
  A water moccasin (D:7)
  2 black bears
  9 orc warriors
  2 sky beasts (D:7)
  3 ogres
  4 centaurs
  A phantom (D:6)
  Blork the orc (D:6)
  2 kobold brigands
  7 bullfrogs
  A gnoll sergeant (D:5)
  2 water moccasin zombies (D:6)
  4 scorpions
  5 wights (D:5)
  3 howler monkeys
  4 bullfrog zombies (D:6)
  A centaur zombie (D:6)
  6 hounds
  8 orc priests
  A jelly (D:4)
  A gnoll bouda (D:9)
  2 sleepcaps
  3 iguanas
  10 orc wizards
  5 gnolls
  6 adders
  2 white imps
  4 ufetubi
  4 worms
  A dart slug (D:4)
  19 orcs
  7 ball pythons
  7 endoplasms
  3 giant cockroaches
  8 goblins
  11 hobgoblins
  29 kobolds
  3 quokkas
  4 bats
  3 frilled lizards
  6 rats
  A rat zombie (D:7)
234 creatures vanquished.

Vanquished Creatures (collateral kills)
  An ice beast (D:7)
1 creature vanquished.

Vanquished Creatures (others)
  46 foxfires (D:6)
46 creatures vanquished.

Grand Total: 281 creatures vanquished

Notes
Turn   | Place    | Note
-------+----------+-------------------------------------------
     0 | D:1      | Flugkiller the Formicid Cinder Acolyte began the quest for
                  | the Orb.
     0 | D:1      | Reached XP level 1. HP: 18/18 MP: 2/2
   268 | D:1      | Reached XP level 2. HP: 16/24 MP: 3/3
   413 | D:1      | Learned a level 2 spell: Scorch
   758 | D:1      | Reached XP level 3. HP: 30/30 MP: 4/4
   858 | D:2      | Found Ihuasoh's Magic Scroll Shoppe.
   865 | D:2      | Found Koriotha's Armour Boutique.
   919 | D:2      | Reached skill level 4 in Fighting
  1260 | D:2      | Found Xeid's General Store.
  1263 | D:2      | Bought a scroll of fear for 40 gold pieces
  1319 | D:2      | Found Azic's Armour Boutique.
  1322 | D:2      | Bought a +0 pair of gloves of hurling for 126 gold pieces
  1384 | D:2      | Found Eleatz's Book Shoppe.
  1654 | D:3      | Reached XP level 4. HP: 37/37 MP: 5/5
  1714 | D:3      | Reached skill level 1 in Maces & Flails
  1714 | D:3      | Reached skill level 1 in Armour
  1715 | D:3      | Reached XP level 5. HP: 32/43 MP: 6/6
  1717 | D:3      | Found an iron altar of Okawaru.
  2337 | D:4      | Noticed an ogre
  2356 | D:4      | Killed an ogre
  2357 | D:4      | Reached skill level 5 in Fighting
  2357 | D:4      | Reached XP level 6. HP: 43/51 MP: 7/7
  2788 | D:4      | Found Mugaces's General Store.
  2794 | D:4      | Bought a potion of curing for 39 gold pieces
  2831 | D:5      | Entered Level 5 of the Dungeon
  2883 | D:5      | Reached XP level 7. HP: 56/56 MP: 8/8
  3019 | D:5      | Reached skill level 6 in Fighting
  3254 | D:5      | Reached XP level 8. HP: 50/65 MP: 9/9
  3426 | D:5      | Found a staircase to the Ecumenical Temple.
  3452 | D:5      | Reached skill level 5 in Armour
  3460 | D:5      | Reached skill level 7 in Fighting
  3961 | D:5      | Found a runed translucent door.
  3962 | D:5      | Noticed Crazy Yiuf
  4153 | D:6      | Identified the "Zuok"
  4153 | D:6      | Found Utug's Antique Armour Shoppe.
  4165 | D:6      | Reached skill level 5 in Maces & Flails
  4302 | D:6      | Noticed Maggie
  4318 | D:6      | Killed Maggie
  4319 | D:6      | Reached XP level 9. HP: 61/74 MP: 10/10
  4401 | D:6      | Found a basalt altar of Yredelemnul.
  4410 | D:6      | Reached skill level 8 in Fighting
  4434 | D:6      | Noticed Blork the orc
  4446 | D:6      | Killed Blork the orc
  4491 | D:6      | Found a blossoming altar of Fedhas.
  4614 | D:6      | Found a burning altar of Makhleb.
  4660 | D:6      | Found a broken altar of Ashenzari.
  4666 | D:6      | Noticed a moth of wrath
  4713 | D:6      | Found a bloodstained altar of Trog.
  5044 | D:7      | Found a radiant altar of Vehumet.
  5084 | D:7      | Found a stormy altar of Qazlal.
  5116 | D:7      | Reached skill level 9 in Fighting
  5238 | D:7      | Reached XP level 10. HP: 67/83 MP: 11/11
  5350 | D:7      | Found a flagged portal.
  5372 | Bailey   | Entered a bailey
  5767 | Bailey   | Noticed an orc knight
  5790 | Bailey   | Killed an orc knight
  5791 | Bailey   | Reached skill level 10 in Fighting
  6822 | D:7      | Found an ancient bone altar of Kikubaaqudgha.
  7119 | D:8      | Noticed Joseph
  7143 | D:8      | Killed Joseph
  7305 | D:8      | Found a hide-covered altar of Uskayaw.
  7630 | D:9      | Identified the "Qevymomm"
  7667 | D:9      | Reached XP level 11. HP: 88/92 MP: 12/12
  7891 | D:9      | Noticed a two-headed ogre
  7898 | D:9      | Killed a two-headed ogre
  7899 | D:9      | Reached skill level 11 in Fighting
  7899 | D:9      | Reached skill level 10 in Armour
  7909 | D:9      | Noticed a manticore
  7912 | D:9      | Noticed a manticore
  7933 | D:9      | Killed a manticore
  7937 | D:9      | Killed a manticore
  8329 | D:9      | Noticed Erica
  8344 | D:9      | Killed Erica
  8345 | D:9      | Reached skill level 10 in Maces & Flails
  8478 | D:9      | Reached skill level 1 in Evocations
  8582 | D:9      | Noticed a two-headed ogre
  8589 | D:9      | Noticed a two-headed ogre
  8599 | D:9      | Killed a two-headed ogre
  8603 | D:9      | Killed a two-headed ogre
  8604 | D:9      | Reached skill level 5 in Evocations
  8718 | D:9      | Noticed a deep elf pyromancer
  8733 | D:9      | Killed a deep elf pyromancer
  8734 | D:9      | Reached XP level 12. HP: 100/100 MP: 13/13
  8739 | D:9      | Noticed a centaur warrior
  8759 | D:9      | Killed a centaur warrior
  8834 | D:9      | HP: 5/100 [cyclops (23)]
  8838 | D:9      | Hit by a large rock thrown by a cyclops

Illustrated notes

Levels and vault maps discovered:
D:1:      dpeg_arrival_refuge, layout_basic
D:2:      layout_basic, serial_shops, shop, nicolae_shop_pleasant_corner_grove,
          shop, nicolae_shop_tiny_real_fake_doors, nicolae_shop_behind_doors
D:3:      layout_rooms, mainiacjoe_overflow_six_doors_small,
          kennysheep_another_room
D:4:      layout_rooms, serial_shops, kennysheep_little_box, kennysheep_boxes
D:5:      layout_rooms, minmay_temple_entry_junction, st_stairs_14,
          uniq_crazy_yiuf_cottage
D:6:      layout_basic, marbit_many_paths, tgw_trog, fedhas_altar_fruit_tree,
          nicolae_yredelemnul_corpse_copse, ashenzari_altar_1, serial_shops,
          shop, serial_bayou_lagoon_a, kennysheep_generic_room_8,
          uniq_blork_the_orc, uniq_maggie
D:7:      layout_layer_cave, mainiacjoe_overflow_cross_hatched,
          nicolae_qazlal_scattered_showers, lemuel_zombie_altar_kikubaaqudgha,
          enter_bailey_2, kennysheep_pointless_box
D:8:      layout_rooms, lemuel_crystal_altar, uniq_joseph
D:9:      minmay_the_grid_triangle_9x9_rhombus_full
          [minmay_the_grid_triangle_9x9_semitri,
          minmay_the_grid_triangle_9x9_wacky_v,
          minmay_the_grid_triangle_9x9_warning,
          minmay_the_grid_triangle_9x9_longest,
          minmay_the_grid_triangle_9x9_pentomino_pain,
          minmay_the_grid_triangle_9x9_zippers_vertical,
          minmay_the_grid_triangle_9x9_from_above,
          minmay_the_grid_triangle_9x9_prize_schism], layout_loops_ring,
          uniq_erica

Skill      XL: |  1  2  3  4  5  6  7  8  9 10 11 12 |
---------------+-------------------------------------+-----
Fighting       | 4 5 6 7 9 10 11 | 11.6
Maces & Flails | 1 2 3 4 5 7 8 10 | 10.9
Armour         | 1 2 3 4 6 7 9 10 | 10.5
Evocations     | 5 6 |  6.0
Axes           | |  3.8
Spellcasting   | |  1.1
Fire Magic     | |  3.0

Action                     |  1- 3 |  4- 6 |  7- 9 | 10-12 || total
---------------------------+-------+-------+-------+-------++-------
  Melee: Hand axe          |    92 |       |       |       ||    92
         Flail             |     1 |   114 |   318 |   159 ||   592
         Punch             |     1 |     1 |     4 |     5 ||    11
         Dire flail        |       |       |       |   318 ||   318
 Invoke: Fiery Armour      |       |     1 |     2 |     3 ||     6
         Foxfire Swarm     |       |       |     2 |       ||     2
  Evoke: Wand              |       |     1 |       |     3 ||     4
    Use: Scroll            |     3 |     3 |     8 |     3 ||    17
         Potion            |       |       |       |     2 ||     2
   Stab: Invisible         |       |       |       |     5 ||     5
 Armour: Robe              |    11 |       |       |       ||    11
         Ring mail         |    54 |   102 |   183 |       ||   339
         Acid dragon scale |       |       |   171 |    25 ||   196
         Plate armour      |       |       |       |   384 ||   384
  Dodge: Dodged            |    48 |    75 |   252 |   149 ||   524

Table legend: (Time is in decaauts)
 A = Elapsed time spent in this place.
 B = Non-inter-level travel time spent in this place.
 C = Inter-level travel time spent in this place.
 D = Time resting spent in this place.
 E = Time spent auto-exploring this place.
 F = Levels seen in this place.
 G = Mean time per level.
                   A        B        C        D        E       F      G
               +--------+--------+--------+--------+--------+-----+--------+
         Total |   8850 |   8640 |    210 |   1618 |   4669 |  10 |  885.0 |
       Dungeon |   8222 |   8012 |    210 |   1441 |   4561 |   9 |  913.6 |
        Bailey |    627 |    627 |      0 |    177 |    108 |   1 |  627.0 |
               +--------+--------+--------+--------+--------+-----+--------+

Top non-repeatable levels by time:
     D:7: 1433 daAuts
     D:5: 1399 daAuts
     D:9: 1154 daAuts
     D:2: 868 daAuts
     D:1: 791 daAuts
     D:4: 775 daAuts
     D:6: 711 daAuts
  Bailey: 627 daAuts
     D:8: 556 daAuts
     D:3: 532 daAuts
